 Dungeon Crawl Stone Soup version 0.31-a0-1-g4198be8af4 (webtiles) character file.

Game seed: 1431243935980117053

39 MacCMillion the Digger (level 3, 19/19 HPs)
             Began as a Gargoyle Earth Elementalist on May 3, 2023.
             Quit the game on level 3 of the Dungeon on May 25, 2023.
             The game lasted 00:02:05 (1551 turns).

MacCMillion the Digger (GrEE)                       Turns: 1551, Time: 00:02:06

Health: 19/19      AC:  5    Str: 11    XL:     3   Next: 47%
Magic:  1/6        EV: 11    Int: 17    God:
Gold:   69         SH:  0    Dex: 10    Spells: 2/6 levels left

rFire   . . .        q - +0 dagger
rCold   . . .        (no shield)
rNeg    + . .        a - +0 robe
rPois   ∞            (no helmet)
rElec   +            (no cloak)
rCorr   .            (no gloves)
SInv    .            (no boots)
Will    .....        (no amulet)
Stlth   ++           (no ring)
HPRegen 0.23/turn    (no ring)
MPRegen 0.10/turn

%: no passive effects
@: no status effects
A: sickness immunity, AC +3, negative energy resistance 1, electricity
resistance, torment resistance 1, petrification resistance
a: no special abilities


You were on level 3 of the Dungeon.
You visited 1 branch of the dungeon, and saw 3 of its levels.

You collected 69 gold pieces.

Inventory:

Hand Weapons
 q - a +0 dagger (weapon)
Armour
 a - a +0 robe (worn)
Scrolls
 c - a scroll of noise {unknown}
 e - 3 scrolls of blinking {unknown}
 h - 3 scrolls of identify {unknown}
 i - 2 scrolls of teleportation {unknown}
 j - a scroll of vulnerability {unknown}
 k - 2 scrolls of enchant armour {unknown}
 m - 2 scrolls of magic mapping {unknown}
 p - a scroll of fog {unknown}
 r - a scroll of immolation {unknown}
 s - a scroll of amnesia {unknown}
 t - a scroll of enchant weapon {unknown}
Potions
 b - a potion of magic
 d - a potion of curing {unknown}
 f - a potion of attraction {unknown}
 g - 2 potions of heal wounds {unknown}
 l - a potion of might {unknown}
 n - 2 potions of degeneration {unknown}
 o - a potion of flight {unknown}


   Skills:
 - Level 1.5 Dodging
 - Level 2.1 Stealth
 + Level 2.1 Spellcasting
 + Level 0.5 Conjurations
 - Level 0.7 Transmutations
 + Level 5.1 Earth Magic


You had 2 spell levels left.
You knew the following spells:

 Your Spells              Type           Power      Damage    Failure   Level
a - Sandblast             Erth           38%        2d10      2%          1
b - Stone Arrow           Conj/Erth      22%        3d8       19%         3

Your spell library contained the following spells:

 Spells                   Type           Power      Damage    Failure   Level
 Passwall                 Tmut/Erth      9%         N/A       9%          2
 Freeze                   Ice            4%         1d3       19%         1
 Scorch                   Fire           2%         2d5       28%         2
 Hailstorm                Conj/Ice       2%         3d3       45%         3
 Frozen Ramparts          Ice            2%         1d1       50%         3
 Petrify                  Tmut/Erth      11%        N/A       50%         4
 Flame Wave               Conj/Fire      2%         2d4       86%         4
 Summon Cactus Giant      Summ           0%         N/A       100%        6


Dungeon Overview and Level Annotations

Branches:
Dungeon (3/15)

Altars:


Innate Abilities, Weirdness & Mutations

You are immune to sickness and miasma.
Your stone body is resilient. (AC +3)
You are immune to poison.
You resist negative energy. (rN+)
You are resistant to electric shocks. (rElec)
You are resistant to unholy torment.
You are immune to petrification.


Message History

The blast of sand hits the jackal!
You kill the jackal!
The jackal barks!
You hear a bark!
A jackal comes into view.
The goblin hits you but does no damage.
The blast of sand hits the goblin!
You kill the goblin!
The blast of sand hits the jackal!
You kill the jackal!
The adder bites you but does no damage.
The blast of sand hits the adder!
You kill the adder!
You are out of magic!
You are out of magic!
You closely miss the jackal.
The jackal bites you but does no damage. x2
A rat comes into view.
You barely miss the jackal.
The jackal bites you but does no damage.
You hit the jackal but do no damage.
The jackal bites you but does no damage. x2
Saving game... please wait.
Welcome back, MacCMillion the Gargoyle Earth Elementalist.
Press ? for a list of commands and other information.
Saving game... please wait.
Welcome back, MacCMillion the Gargoyle Earth Elementalist.
Press ? for a list of commands and other information.
Saving game... please wait.
Welcome back, MacCMillion the Gargoyle Earth Elementalist.
Press ? for a list of commands and other information.
Saving game... please wait.
Welcome back, MacCMillion the Gargoyle Earth Elementalist.
Press ? for a list of commands and other information.
Saving game... please wait.
Welcome back, MacCMillion the Gargoyle Earth Elementalist.
Press ? for a list of commands and other information.
Saving game... please wait.
Welcome back, MacCMillion the Gargoyle Earth Elementalist.
Press ? for a list of commands and other information.
Are you sure you want to abandon this character and quit the game? (Confirm with "yes".)

.............###.<......
..#...........†..#......
..............####..†...
..#.....................
...................)...
#.........#####......
#.........# ......
#<..$.....# ......
#...@.....# ##..h....##
##.)†...# ###....#
#r...# #....# #....#
.....# .....#


You could see a jackal and a rat.

Vanquished Creatures
  An adder (D:3)
  An orc (D:3)
  A giant cockroach (D:1)
  3 goblins
  A hobgoblin (D:1)
  4 jackals
  4 quokkas
  3 ball pythons
  3 bats
  3 frilled lizards
  A kobold (D:2)
  3 rats
28 creatures vanquished.

Vanquished Creatures (others)
  3 demonic plants (D:3)
  A fungus (D:3)
  2 plants (D:3)
  A withered plant (D:3)
7 creatures vanquished.

Grand Total: 35 creatures vanquished

Notes
Turn   | Place    | Note
-------+----------+-------------------------------------------
     0 | D:1      | MacCMillion the Gargoyle Earth Elementalist began the quest
                  | for the Orb.
     0 | D:1      | Reached XP level 1. HP: 10/10 MP: 3/3
     1 | D:1      | Noticed an electric eel
   125 | D:1      | Reached skill level 4 in Earth Magic
   209 | D:1      | Reached XP level 2. HP: 15/15 MP: 1/5
   313 | D:1      | You fall into a shaft and drop 1 floor!
  1478 | D:3      | Reached skill level 5 in Earth Magic
  1478 | D:3      | Reached XP level 3. HP: 19/19 MP: 2/6
  1482 | D:3      | Learned a level 3 spell: Stone Arrow
  1551 | D:3      | Quit the game

Illustrated notes

Levels and vault maps discovered:
D:1:      arrival_aquarium_a, layout_basic
D:2:      layout_rooms, serial_corexii_hall, corexii_hall_statues_x,
          chequers_hall_statues_wall_a, corexii_hall_statues_deadend,
          chequers_hall_statues_corner_a
D:3:      layout_rooms, shapermc_ecumenical_altar_gd

Skill      XL: |  1  2 |
---------------+-------+-----
Earth Magic    | 4 5 |  5.1
Dodging        | |  1.5
Stealth        | |  2.1
Spellcasting   | |  2.1
Conjurations   | |  0.5
Transmutations | |  0.7

Action                     || total
---------------------------++-------
  Melee: Dagger            ||     3
   Cast: Sandblast         ||    35
 Armour: Robe              ||     7
  Dodge: Dodged            ||     4

Table legend: (Time is in decaauts)
 A = Elapsed time spent in this place.
 B = Non-inter-level travel time spent in this place.
 C = Inter-level travel time spent in this place.
 D = Time resting spent in this place.
 E = Time spent auto-exploring this place.
 F = Levels seen in this place.
 G = Mean time per level.
                   A        B        C        D        E       F      G
               +--------+--------+--------+--------+--------+-----+--------+
         Total |   1568 |   1528 |     40 |     52 |   1305 |   3 |  522.7 |
       Dungeon |   1568 |   1528 |     40 |     52 |   1305 |   3 |  522.7 |
               +--------+--------+--------+--------+--------+-----+--------+

Top non-repeatable levels by time:
     D:1: 882 daAuts
     D:2: 604 daAuts
     D:3: 81 daAuts
